 Dungeon Crawl Stone Soup version 0.31.0-1-g2c135a0 (webtiles) character file.

Game seed: 1113804467394887378

182 jagoly the Trooper (level 5, -9/33 HPs)
             Began as a Gargoyle Monk on Feb 1, 2024.
             Mangled by Menkaure (11 damage)
             ... in an ossuary.
             The game lasted 00:07:07 (980 turns).

jagoly the Trooper (Gargoyle Monk)                   Turns: 980, Time: 00:07:08

Health: -9/33      AC:  8    Str: 17    XL:     5   Next: 62%
Magic:  5/5        EV: 12    Int: 10    God:
Gold:   47         SH:  0    Dex: 12    Spells: 4/4 levels left

rFire   . . .        a - +0 hand axe
rCold   . . .        d - orb {light}
rNeg    + . .        g - +0 leather armour
rPois   ∞            i - +0 helmet
rElec   +            (no cloak)
rCorr   .            (no gloves)
SInv    .            (no boots)
Will    .....        (no amulet)
Stlth   +            (no ring)
HPRegen 0.25/turn    (no ring)
MPRegen 0.09/turn

%: no passive effects
@: glowing
A: sickness immunity, AC +4, negative energy resistance 1, electricity
resistance, torment resistance 1, petrification resistance
a: no special abilities


You were in an ossuary.
You visited 1 branch of the dungeon, and saw 5 of its levels.
You also visited: Ossuary.

You collected 47 gold pieces.

Inventory:

Hand Weapons
 a - a +0 hand axe (weapon)
 h - a +0 spear
Missiles
 e - 24 stones (quivered)
Armour
 b - a +0 robe
 d - an orb of light (worn)
 g - a +0 leather armour (worn)
 i - a +0 helmet (worn)
Wands
 k - a wand of flame (30)
Scrolls
 j - 3 scrolls of teleportation {unknown}
Potions
 c - a potion of ambrosia
 f - a potion of lignification {unknown}


   Skills:
 + Level 4.2 Fighting
 * Level 4.1 Axes
 + Level 2.2 Armour
 - Level 3.0 Dodging
 - Level 1.0 Stealth


You had 4 spell levels left.
You didn't know any spells.
Your spell library contained the following spells:

 Spells                   Type           Power      Damage    Failure   Level
 Call Imp                 Summ           0%         N/A       56%         2
 Summon Hydra             Summ           0%         N/A       100%        7
 Sublimation of Blood     Necr           Unusable   N/A       N/A         2

Dungeon Overview and Level Annotations

Branches:
Dungeon (5/15) Zot: 26983 Ossuary (1/1) Zot: 5705
 Temple: D:4-7

Altars:

Shops:
D:1 [(

Annotations:
Ossuary Menkaure


Innate Abilities, Weirdness & Mutations

You are immune to sickness and miasma.
Your stone body is resilient. (AC +4)
You are immune to poison.
You resist negative energy. (rN+)
You are resistant to electric shocks. (rElec)
You are resistant to unholy torment.
You are immune to petrification.


Message History

There is an open door here.
A jelly comes into view.
j - 3 scrolls labelled LITOUG WUJU (gained 1)
There are no items here.
A hound comes into view.
The hound moves out of view.
The hound barely misses you.
You closely miss the hound. The hound bites you.
You hit the hound.
The hound is moderately wounded.
The hound barely misses you. The hound bites you but does no damage.
You hit the hound but do no damage.
The hound is moderately wounded.
The hound bites you but does no damage.
You barely miss the hound.
The hound is moderately wounded.
The hound bites you. The hound bites you but does no damage.
You barely miss the hound.
The hound is moderately wounded.
The hound closely misses you. The hound bites you.
You hit the hound.
The hound is severely wounded.
The hound bites you. x2
You slash the hound!
You kill the hound!
Training target 3.0 for Dodging reached!
Your Armour skill increases to level 2!
Your Dodging skill increases to level 3!
No target in view!
No target in view!
There is a stone staircase leading down here.
You climb downwards.
You hear the sound of rushing water.
There is an entrance to a sewer on this level.
Hurry and find it before the portal rusts away!
You hear the hiss of flowing sand.
There is an entrance to an ossuary on this level.
Hurry and find it before the portal is buried!
There is a stone staircase leading up here.
Found a sand-covered staircase.
Found a scroll labelled SOKLACSUNATZ.
There is a sand-covered staircase here.
The world spins around you as you enter the gateway.
You enter an ossuary!
Found a gate leading back out of this place.
There is an empty arch of ancient stone here.
There is a gate leading back out of this place here.
There is an empty arch of ancient stone here.
You hit the kobold zombie.
The kobold zombie is heavily damaged.
The kobold zombie hits you but does no damage.
You hit the kobold zombie.
You destroy the kobold zombie!
You hit the kobold skeleton.
The kobold skeleton is lightly damaged.
The kobold skeleton hits you but does no damage.
You hit the kobold skeleton.
The kobold skeleton is severely damaged.
The kobold skeleton barely misses you.
You hit the kobold skeleton but do no damage.
The kobold skeleton is severely damaged.
You slash the kobold skeleton!
You destroy the kobold skeleton!
You hit the kobold zombie but do no damage.
The kobold zombie closely misses you.
You hit the orc skeleton.
The orc skeleton is severely damaged.
You hit the kobold zombie.
The orc skeleton hits you but does no damage.
The kobold zombie barely misses you.
You hit the orc skeleton but do no damage.
The orc skeleton is severely damaged.
You hit the kobold zombie.
You destroy the kobold zombie!
The orc skeleton closely misses you.
You hit the orc skeleton.
You destroy the orc skeleton!
No target in view!
A rat skeleton comes into view.
A rat skeleton is nearby!
A rat skeleton and a gnoll skeleton come into view.
A rat zombie comes into view.
You slash the rat skeleton!
You destroy the rat skeleton!
Your Axes skill increases to level 4!
You hit the gnoll skeleton.
The gnoll skeleton is lightly damaged.
The gnoll skeleton barely misses you.
You hit the gnoll skeleton.
The gnoll skeleton is moderately damaged.
You hit the gnoll skeleton.
The gnoll skeleton is severely damaged.
The gnoll skeleton hits you but does no damage.
You hit the gnoll skeleton.
The gnoll skeleton is almost destroyed.
You hit the rat skeleton.
The gnoll skeleton hits you but does no damage.
The rat skeleton bites you.
You hit the gnoll skeleton.
The gnoll skeleton is almost destroyed.
You hit the rat skeleton.
You destroy the rat skeleton!
The gnoll skeleton barely misses you.
You hit the gnoll skeleton.
You destroy the gnoll skeleton!
You hit the rat zombie.
The rat zombie bites you but does no damage.
You hit the rat zombie.
The rat zombie is severely damaged.
The rat zombie misses you.
You hit the rat zombie.
You destroy the rat zombie!
A rat skeleton comes into view.
You set off the alarm!
The alarm trap emits a blaring wail!
A sentinel's mark forms upon you.
A rat zombie comes into view.
You hit the rat skeleton.
The rat skeleton is heavily damaged.
The rat skeleton closely misses you.
You hit the rat skeleton.
You destroy the rat skeleton!
An orc skeleton comes into view.
A rat zombie comes into view.
You slash the rat zombie!
You destroy the rat zombie!
A gnoll zombie comes into view.
A goblin skeleton comes into view.
You hit the orc skeleton.
The orc skeleton is heavily damaged.
The orc skeleton hits you but does no damage.
You hit the orc skeleton.
The orc skeleton is severely damaged.
The orc skeleton closely misses you.
An orc skeleton comes into view.
You hit the orc skeleton but do no damage.
The orc skeleton is severely damaged.
You hit the rat zombie.
The orc skeleton hits you but does no damage.
The rat zombie bites you.
You hit the orc skeleton but do no damage.
The orc skeleton is severely damaged.
You hit the rat zombie but do no damage.
The orc skeleton closely misses you.
The rat zombie bites you but does no damage.
You hit the orc skeleton.
You destroy the orc skeleton!
You hit the rat zombie.
You destroy the rat zombie!
You hit the gnoll zombie.
The gnoll zombie is lightly damaged.
A hobgoblin zombie comes into view.
The gnoll zombie hits you but does no damage.
You slash the gnoll zombie!
The gnoll zombie is severely damaged.
You hit the goblin skeleton.
The goblin skeleton hits you but does no damage.
The gnoll zombie barely misses you.
You hit the gnoll zombie.
The gnoll zombie is severely damaged.
You hit the goblin skeleton.
The goblin skeleton hits you but does no damage.
A hobgoblin skeleton comes into view.
The gnoll zombie misses you.
You hit the gnoll zombie.
You destroy the gnoll zombie!
You hit the goblin skeleton.
You destroy the goblin skeleton!
A kobold zombie comes into view.
You hit the orc skeleton.
The orc skeleton is moderately damaged.
The orc skeleton misses you.
You hit the orc skeleton.
The orc skeleton is severely damaged.
The orc skeleton hits you but does no damage.
You hit the orc skeleton but do no damage.
The orc skeleton is severely damaged.
The orc skeleton barely misses you.
You hit the orc skeleton.
The orc skeleton is almost destroyed.
You hit the orc skeleton.
You destroy the orc skeleton!
You hit the hobgoblin zombie.
The hobgoblin zombie is moderately damaged.
The sentinel's mark upon you fades away.
The hobgoblin zombie closely misses you.
The kobold zombie sets off the alarm!
The alarm trap emits a blaring wail!
A sentinel's mark forms upon you.
You hear a shout!
You hit the hobgoblin zombie.
The hobgoblin zombie is severely damaged.
You hit the hobgoblin skeleton.
The hobgoblin zombie closely misses you.
The hobgoblin skeleton hits you.
You hit the hobgoblin zombie but do no damage.
The hobgoblin zombie is severely damaged.
You hit the hobgoblin skeleton. The hobgoblin zombie hits you.
The hobgoblin skeleton misses you.
You hit the hobgoblin skeleton.
You destroy the hobgoblin skeleton!
You hit the hobgoblin zombie.
You destroy the hobgoblin zombie!
You hit the kobold zombie but do no damage.
You hit the kobold zombie but do no damage.
The kobold zombie hits you but does no damage.
You hit the kobold zombie.
The kobold zombie is lightly damaged.
The kobold zombie hits you but does no damage.
You hit the kobold zombie.
The kobold zombie is severely damaged.
The kobold zombie completely misses you.
You barely miss the kobold zombie.
The kobold zombie is severely damaged.
The kobold zombie barely misses you.
You hit the kobold zombie.
You destroy the kobold zombie!
No target in view!
The sentinel's mark upon you fades away.
A gnoll zombie and an orc skeleton come into view.
A hobgoblin skeleton comes into view.
A gnoll zombie comes into view.
A rat skeleton comes into view.
The orc skeleton barely misses you.
You hit the orc skeleton.
The orc skeleton is moderately damaged.
The orc skeleton closely misses you.
You hit the orc skeleton.
The orc skeleton is heavily damaged.
You hit the orc skeleton but do no damage.
The orc skeleton is heavily damaged.
The orc skeleton hits you but does no damage.
You hit the orc skeleton but do no damage.
The orc skeleton is heavily damaged.
The orc skeleton hits you but does no damage.
You hit the orc skeleton.
The orc skeleton is almost destroyed.
The orc skeleton closely misses you.
You hit the orc skeleton but do no damage.
The orc skeleton is almost destroyed.
The orc skeleton hits you but does no damage.
You hit the orc skeleton.
You destroy the orc skeleton!
The gnoll zombie barely misses you.
You hit the gnoll zombie.
The gnoll zombie is moderately damaged.
The gnoll zombie barely misses you.
You hit the gnoll zombie.
The gnoll zombie is severely damaged.
The gnoll zombie barely misses you.
You hit the gnoll zombie.
The gnoll zombie is severely damaged.
The gnoll zombie hits you.
You hit the gnoll zombie.
You destroy the gnoll zombie!
You hit the hobgoblin skeleton.
The hobgoblin skeleton is heavily damaged.
The hobgoblin skeleton hits you.
You hit the hobgoblin skeleton but do no damage.
The hobgoblin skeleton is heavily damaged.
The hobgoblin skeleton hits you.
You hit the hobgoblin skeleton.
You destroy the hobgoblin skeleton!
You hit the gnoll zombie.
The gnoll zombie is heavily damaged.
The gnoll zombie barely misses you.
You hit the gnoll zombie.
The gnoll zombie is heavily damaged.
You slash the gnoll zombie!
The gnoll zombie is almost destroyed.
The gnoll zombie closely misses you.
You hit the gnoll zombie.
You destroy the gnoll zombie!
You completely miss the rat skeleton.
The rat skeleton bites you but does no damage.
You hit the rat skeleton.
The rat skeleton is heavily damaged.
You hit the rat skeleton.
The rat skeleton is heavily damaged.
The rat skeleton barely misses you.
You hit the rat skeleton.
You destroy the rat skeleton!
You set off the alarm!
The alarm trap emits a blaring wail!
A sentinel's mark forms upon you.
You hear a shout!
A goblin skeleton comes into view.
You hit the goblin skeleton but do no damage.
The goblin skeleton hits you but does no damage.
You hit the goblin skeleton.
The goblin skeleton is heavily damaged.
A goblin zombie comes into view.
The goblin skeleton hits you but does no damage.
You hit the goblin skeleton.
The goblin skeleton is severely damaged.
You slash the goblin skeleton!
You destroy the goblin skeleton!
A hobgoblin skeleton comes into view.
A gnoll skeleton comes into view.
The goblin zombie hits you but does no damage.
A rat skeleton comes into view.
You hit the goblin zombie.
The goblin zombie is moderately damaged.
The hobgoblin skeleton sets off the alarm!
The alarm trap emits a blaring wail!
The mark upon you grows brighter. The goblin zombie closely misses you.
You hit the goblin zombie.
The goblin zombie is heavily damaged.
A kobold zombie comes into view.
The goblin zombie barely misses you.
You hit the goblin zombie.
You destroy the goblin zombie!
You hit the hobgoblin skeleton.
The hobgoblin skeleton hits you but does no damage.
A hobgoblin skeleton comes into view.
The hobgoblin skeleton closely misses you.
You hit the gnoll skeleton.
The gnoll skeleton is moderately damaged.
You hit the hobgoblin skeleton but do no damage.
The gnoll skeleton hits you but does no damage.
The hobgoblin skeleton hits you but does no damage.
A gnoll zombie comes into view.
You hit the gnoll skeleton.
The gnoll skeleton is severely damaged.
You hit the hobgoblin skeleton. The gnoll skeleton closely misses you.
A goblin zombie comes into view.
The hobgoblin skeleton hits you.
You hit the gnoll skeleton.
You destroy the gnoll skeleton!
You hit the hobgoblin skeleton.
You destroy the hobgoblin skeleton!
The kobold zombie closely misses you. The rat skeleton barely misses you.
You hit the kobold zombie.
The kobold zombie is lightly damaged.
You hit the rat skeleton.
The kobold zombie completely misses you.
The rat skeleton bites you but does no damage.
You hit the kobold zombie.
The kobold zombie is moderately damaged.
You completely miss the rat skeleton.
The kobold zombie hits you but does no damage.
The rat skeleton bites you but does no damage.
You hit the kobold zombie but do no damage.
The kobold zombie is moderately damaged.
You hit the rat skeleton.
You destroy the rat skeleton!
You hit the hobgoblin skeleton.
The hobgoblin skeleton barely misses you.
The kobold zombie misses you.
You slash the kobold zombie!
You destroy the kobold zombie!
You hit the hobgoblin skeleton.
The hobgoblin skeleton hits you but does no damage.
You hit the gnoll zombie.
The gnoll zombie is lightly damaged.
You hit the hobgoblin skeleton.
The hobgoblin skeleton closely misses you.
The gnoll zombie hits you but does no damage.
You hit the gnoll zombie.
The gnoll zombie is lightly damaged.
You completely miss the hobgoblin skeleton.
The hobgoblin skeleton hits you. The gnoll zombie barely misses you.
You hit the gnoll zombie but do no damage.
The gnoll zombie is lightly damaged.
You hit the hobgoblin skeleton but do no damage.
The hobgoblin skeleton barely misses you.
You slash the gnoll zombie!
The gnoll zombie is heavily damaged.
You hit the hobgoblin skeleton.
You destroy the hobgoblin skeleton!
The gnoll zombie hits you but does no damage.
You hit the gnoll zombie.
The gnoll zombie is almost destroyed.
You hit the goblin zombie.
The gnoll zombie hits you but does no damage.
The goblin zombie misses you.
You slash the gnoll zombie!
You destroy the gnoll zombie!
You hit the goblin zombie.
You destroy the goblin zombie!
A kobold zombie and a kobold skeleton come into view.
A hobgoblin zombie comes into view.
A hobgoblin skeleton comes into view.
You hit the kobold skeleton.
You destroy the kobold skeleton!
You hit the kobold zombie.
The kobold zombie is moderately damaged.
You hit the kobold zombie.
The kobold zombie is severely damaged.
The kobold zombie barely misses you.
You slash the kobold zombie!
You destroy the kobold zombie!
You slash the hobgoblin zombie!
The hobgoblin zombie is almost destroyed.
The hobgoblin zombie hits you but does no damage.
You slash the hobgoblin zombie!
You destroy the hobgoblin zombie!
You slash the hobgoblin skeleton!
You destroy the hobgoblin skeleton!
The sentinel's mark upon you fades away.
A goblin skeleton comes into view.
A goblin skeleton comes into view.
A hobgoblin zombie comes into view.
The goblin skeleton sets off the alarm!
The alarm trap emits a blaring wail!
A sentinel's mark forms upon you.
An orc skeleton comes into view.
An orc zombie comes into view.
You completely miss the goblin skeleton.
The goblin skeleton closely misses you.
A goblin zombie comes into view.
You hit the goblin skeleton.
The goblin skeleton is severely damaged.
The goblin skeleton barely misses you.
You hit the goblin skeleton.
You destroy the goblin skeleton!
A kobold zombie comes into view.
A kobold zombie comes into view.
You hit the hobgoblin zombie.
The hobgoblin zombie is moderately damaged.
You hit the goblin skeleton.
The hobgoblin zombie hits you but does no damage.
The goblin skeleton closely misses you.
You hit the hobgoblin zombie.
The hobgoblin zombie is moderately damaged.
You hit the goblin skeleton.
You destroy the goblin skeleton!
The hobgoblin zombie completely misses you.
You slash the hobgoblin zombie!
You destroy the hobgoblin zombie!
You hit the orc zombie but do no damage.
The orc zombie hits you but does no damage.
You completely miss the orc skeleton. You hit the orc zombie.
The orc skeleton closely misses you.
Menkaure, Prince of Dust comes into view.
The orc zombie hits you but does no damage.
You hit the orc skeleton but do no damage.
You hit the orc zombie.
You destroy the orc zombie!
The orc skeleton misses you.
You hit the orc skeleton.
The orc skeleton is heavily damaged.
The orc skeleton misses you.
You hit the orc skeleton.
You destroy the orc skeleton!
You hit the goblin zombie.
The goblin zombie hits you but does no damage.
You hit the kobold zombie.
The kobold zombie is severely damaged.
You hit the goblin zombie. The goblin zombie barely misses you.
The kobold zombie closely misses you.
A mummy comes into view.
You hit the kobold zombie but do no damage.
The kobold zombie is severely damaged.
You hit the goblin zombie.
The goblin zombie hits you but does no damage.
The kobold zombie hits you but does no damage.
You hit the kobold zombie but do no damage.
The kobold zombie is severely damaged.
You hit the goblin zombie.
You destroy the goblin zombie!
You slash the kobold zombie!
You destroy the kobold zombie!
A mummy comes into view.
You hit Menkaure.
Menkaure is lightly damaged.
You hit the kobold zombie.
The kobold zombie hits you but does no damage.
A gnoll zombie comes into view.
Menkaure grins.
Menkaure points at you and mumbles some strange words.
Pain shoots through your body!
You hit Menkaure.
Menkaure is moderately damaged.
You hit the kobold zombie. The kobold zombie misses you.
Menkaure barely misses you.
You barely miss Menkaure.
Menkaure is moderately damaged.
You hit the kobold zombie.
You destroy the kobold zombie!
Menkaure casts a spell.
Menkaure seems to speed up.
A gnoll zombie comes into view.
You hit Menkaure.
Menkaure is heavily damaged.
Menkaure hits you.
You hit Menkaure but do no damage.
Menkaure is heavily damaged.
You hit the mummy but do no damage. You hit Menkaure.
Menkaure gestures at you while chanting.
Pain shoots through your body!
A kobold skeleton comes into view.
Menkaure misses you. The mummy closely misses you.
You hit the mummy but do no damage. You hit Menkaure. Menkaure hits you!!
Ouch! That really hurt!
* * * LOW HITPOINT WARNING * * *
A hobgoblin zombie comes into view.
You hit Menkaure.
Menkaure is severely damaged.
You hit the mummy.
The sentinel's mark upon you fades away.
Menkaure hits you!
You die...

##..######..## ##.^##....##..##
##..##..##..##..##
##..##..####..##..##
##..##..######..##..##
##..##..##....##..##..##
##..##..##..##..##..##..##
#..##..##..####..##..##..##
..##..##..## ##@M##..##..##
.##..##..## ##MM##..##..##
##..##..## #.Z##..##..##
#..##..## #Z.##..##..## ..##..##
#..##..##..## .##^.##
#Z.##..##..## ##..## #Z.##..##..#
#..## .. ##..##..
..##########################..##.


You could see Menkaure (fast), 2 mummies, a hobgoblin zombie, 2 gnoll zombies
and a kobold skeleton.

Vanquished Creatures
  A hound (D:4)
  Jessica (D:1)
  Natasha (D:3)
  3 gnolls
  2 ball pythons (D:1)
  A bat (D:3)
  5 endoplasms
  2 giant cockroaches (D:2)
  6 goblins
  5 hobgoblins
  4 jackals (D:1)
  4 kobolds (D:1)
  A frilled lizard (D:1)
  2 gnoll skeletons (Ossuary)
  4 gnoll zombies (Ossuary)
  4 goblin skeletons (Ossuary)
  3 goblin zombies (Ossuary)
  5 hobgoblin skeletons (Ossuary)
  3 hobgoblin zombies (Ossuary)
  2 kobold skeletons (Ossuary)
  7 kobold zombies (Ossuary)
  5 orc skeletons (Ossuary)
  An orc zombie (Ossuary)
  3 rats
  5 rat skeletons (Ossuary)
  3 rat zombies (Ossuary)
83 creatures vanquished.

Notes
Turn   | Place    | Note
-------+----------+-------------------------------------------
     0 | D:1      | jagoly the Gargoyle Monk began the quest for the Orb.
     0 | D:1      | Reached XP level 1. HP: 14/14 MP: 1/1
    80 | D:2      | Noticed Jessica
    88 | D:1      | Found Caigrim's Weapon Boutique.
    93 | D:1      | Killed Jessica
    94 | D:1      | Reached skill level 1 in Armour
    94 | D:1      | Reached skill level 1 in Stealth
    94 | D:1      | Reached XP level 2. HP: 2/19 MP: 2/2
    94 | D:1      | Reached XP level 3. HP: 2/23 MP: 3/3
   223 | D:1      | Found a faded altar of an unknown god.
   347 | D:1      | Found Uceekun's Antique Armour Emporium.
   425 | D:1      | Reached XP level 4. HP: 10/29 MP: 4/4
   573 | D:3      | Noticed Natasha
   585 | D:3      | Killed Natasha
   586 | D:3      | Reached XP level 5. HP: 25/33 MP: 5/5
   681 | D:5      | Entered Level 5 of the Dungeon
   689 | D:5      | Found a sand-covered staircase.
   698 | Ossuary  | Entered an ossuary
   965 | Ossuary  | Noticed Menkaure
   979 | Ossuary  | HP: 1/33 [Menkaure (20)]
   980 | Ossuary  | Mangled by Menkaure

Illustrated notes

Levels and vault maps discovered:
D:1:      dpeg_arrival_water_fire, layout_basic, serial_shops, shop_statue,
          nicolae_shop_competitors_out_of_business,
          ebering_ecumenical_altar_sacrificial, serial_glass, glass_columns_a,
          glass_columns_b, due_unseen_surprise
D:2:      layout_rooms, uniq_jessica
D:3:      layout_basic, jmf_multi_god_temple, uniq_natasha
D:4:      layout_gridville, kiku_gazebo_pond_becter, serial_shops,
          shop_fountains, minmay_misc_feat_ornament
D:5:      layout_loops_ring, nicolae_ossuary_entry_ruins, serial_shops,
          nicolae_shop_hallway_stairs,
          mainiacjoe_sewer_entry_somewhere_in_here_2, uniq_blork_the_orc
Ossuary:  ossuary_due_pyramid

Skill      XL: |  1  2  3  4  5 |
---------------+----------------+-----
Axes           | 3 4 |  4.1
Armour         | 1 2 |  2.2
Stealth        | 1 |  1.0
Fighting       | 4 |  4.2
Dodging        | 3 |  3.0

Action                     |  1- 3 |  4- 6 || total
---------------------------+-------+-------++-------
  Melee: Hand axe          |    68 |   158 ||   226
 Armour: Robe              |    11 |       ||    11
         Leather armour    |    10 |    78 ||    88
  Dodge: Dodged            |    54 |    83 ||   137
